 Dungeon Crawl Stone Soup version 0.32-a0-876-gcfddb08e57 (webtiles) character file.

Game seed: 12644621326128137961

9 pokedragonboy the Grasshopper (level 2, 0/26 HPs)
             Began as a Naga Warper on Apr 2, 2024.
             Killed from afar by a dart slug (3 damage)
             ... with a slug dart
             ... on level 1 of the Dungeon.
             The game lasted 00:01:30 (254 turns).

pokedragonboy the Grasshopper (Naga Warper)          Turns: 254, Time: 00:01:31

Health: 0/26       AC:  2    Str: 13    XL:     2   Next: 16%
Magic:  5/5        EV:  8    Int: 13    God:
Gold:   14         SH:  0    Dex: 10    Spells: 5/5 levels left

rFire   . . .        a - +0 spear
rCold   . . .        (no shield)
rNeg    . . .        b - +0 leather armour
rPois   +            (no helmet)
rElec   .            (no cloak)
rCorr   .            (no gloves)
SInv    +            (no barding)
Will    .....        (no amulet)
Stlth   +            (no ring)
HPRegen 0.24/turn    (no ring)
MPRegen 0.09/turn

%: no passive effects
@: very slow
A: AC +0, large, see invisible, deformed body, poison resistance, slowness 2,
spit poison 1, naga tail 1
a: Spit Poison


You were on level 1 of the Dungeon.
You visited 1 branch of the dungeon, and saw 1 of its levels.

You collected 14 gold pieces.

Inventory:

Hand Weapons
 a - a +0 spear (weapon)
Missiles
 d - 6 darts of dispersal (quivered)
Armour
 b - a +0 leather armour (worn)
Magical Staves
 g - a staff of fire
Scrolls
 c - a scroll of blinking
 h - a scroll of identify {unknown}
Potions
 e - a potion of magic {unknown}
 f - a potion of resistance {unknown}


   Skills:
 - Level 2.0 Fighting
 * Level 2.3 Polearms
 - Level 0.8 Throwing
 + Level 1.0 Armour
 + Level 1.7 Dodging
 - Level 2.0 Spellcasting
 + Level 3.1 Translocations


You had 5 spell levels left.
You didn't know any spells.
Your spell library contained the following spells:

 Spells                   Type           Power      Damage    Failure   Level
 Blink                    Tloc           18%        N/A       14%         2
 Lesser Beckoning         Tloc           18%        N/A       14%         2
 Teleport Other           Tloc           9%         N/A       26%         3
 Maxwell's Portable Pile  Tloc           9%         2d(6-12)  65%         4
 Vhi's Electric Charge    Tloc/Air       10%        N/A       86%         4


Dungeon Overview and Level Annotations

Branches:
Dungeon (1/15)

Altars:

Shops:
D:1 *


Innate Abilities, Weirdness & Mutations

Your serpentine skin is tough. (AC +0)
You have supernaturally acute eyesight. (SInv)
Armour fits poorly on your strangely shaped body.
Your system is resistant to poisons. (rPois)
You cover ground very slowly.
You can spit poison.
You have a snake-like lower body.


Message History

You are too injured to fight recklessly!
You barely miss the hobgoblin.
A dart slug comes into view.
The hobgoblin hits you. The kobold closely misses you.
Unknown command.
You closely miss the hobgoblin. The hobgoblin barely misses you.
The kobold hits you with a +0 short sword.
* * * LOW HITPOINT WARNING * * *
Unknown command.
You hit the hobgoblin.
The hobgoblin is almost dead.
Unknown command.
You hit the hobgoblin.
You kill the hobgoblin!
The kobold hits you with a +0 short sword.
* * * LOW HITPOINT WARNING * * *
Unknown command.
Throw: 7 darts (disperse)
Press: ? - help, Q - select action, (/) - cycle Shift-Dir - straight line, f - kobold
Aim: a kobold, wielding a +0 short sword (43% to hit)
You throw a dart of dispersal. The dart of dispersal hits the kobold.
The kobold blinks!
You don't know any spells.
Okay, then.
Throw: 6 darts (disperse)
Press: ? - help, Q - select action, (/) - cycle Shift-Dir - straight line, f/p - kobold
Aim: a kobold, wielding a +0 short sword (43% to hit)
Okay, then.
The dart slug launches a dart at you. The slug dart hits you.
* * * LOW HITPOINT WARNING * * *
Okay, then.
The endoplasm quivers.
Reach: a) +0 spear
Press: ? - help, Dir - move target, f - endoplasm, p - kobold
Aim: an endoplasm (about 14% to evade your +0 spear)
You reach to attack!
You hit the endoplasm but do no damage. The dart slug launches a dart at you.
The slug dart hits you.
You die...

......)#
..#=...# ......#
#.....###
#....... #...w#
#K...#
#.###....#
#..J@....#
#.######...#
#.....††...#
########...#
#...# #.#.#
#.#.############
#.#.##....†.....
#.#.##.##.######


You could see a dart slug, an endoplasm and a kobold.

Vanquished Creatures
  A dart slug (D:1)
  A ball python (D:1)
  2 endoplasms (D:1)
  2 hobgoblins (D:1)
6 creatures vanquished.

Notes
Turn   | Place    | Note
-------+----------+-------------------------------------------
     0 | D:1      | pokedragonboy the Naga Warper began the quest for the Orb.
     0 | D:1      | Reached XP level 1. HP: 19/19 MP: 3/3
   107 | D:1      | Found Bygharr's Assorted Antiques.
   187 | D:1      | Reached skill level 1 in Armour
   187 | D:1      | Reached XP level 2. HP: 14/26 MP: 5/5
   254 | D:1      | Killed from afar by a dart slug

Illustrated notes

Levels and vault maps discovered:
D:1:      nzn_arrival_settlement, layout_basic, serial_shops,
          nicolae_shop_overgrown_old_shop, shapermc_ecumenical_altar_venn

Skill      XL: |  1 |
---------------+----+-----
Armour         | 1 |  1.0
Fighting       | |  2.0
Polearms       | |  2.3
Throwing       | |  0.8
Dodging        | |  1.7
Spellcasting   | |  2.0
Translocations | |  3.1

Action                     || total
---------------------------++-------
  Melee: Spear             ||    26
  Throw: Dart              ||     1
 Armour: Leather armour    ||    15
  Dodge: Dodged            ||     6

Table legend: (Time is in decaauts)
 A = Elapsed time spent in this place.
 B = Non-inter-level travel time spent in this place.
 C = Inter-level travel time spent in this place.
 D = Time resting spent in this place.
 E = Time spent auto-exploring this place.
 F = Levels seen in this place.
 G = Mean time per level.
                   A        B        C        D        E       F      G
               +--------+--------+--------+--------+--------+-----+--------+
         Total |    320 |    320 |      0 |      0 |    246 |   1 |  320.0 |
       Dungeon |    320 |    320 |      0 |      0 |    246 |   1 |  320.0 |
               +--------+--------+--------+--------+--------+-----+--------+

Top non-repeatable levels by time:
     D:1: 320 daAuts
